Whale vs Pirates

Created - Wednesday, February 10, 2016 at 02:28

Goals
1 2 3 T
Whale 1 0 2 3
Pirates 0 0 0 0
Shots
1 2 3 T
Whale 15 7 9 31
Pirates 11 3 4 18

1st period

1. Whale , Jamie McBain 1 (John McCarthy, Iiro Pakarinen) at 7:00 (PP)

Penalties :
Keith Aulie (POR) for Cross-checking (Minor) at 6:51, Henrik Samuelsson (POR) for Fighting (Major) at 8:15, Corey Tropp (CON) for Fighting (Major) at 8:15, Brendan Woods (CON) for Tripping (Minor) at 8:37, Brendan Woods (CON) for Hooking (Minor) at 11:19, Keith Aulie (POR) for Interference (Minor) at 11:30, Daniel Carcillo (POR) for Hooking (Minor) at 18:14

2nd period

No Goal

Penalties :
Shane Prince (CON) for Holding (Minor) at 1:12, Keith Aulie (POR) for Fighting (Major) at 4:41, Nick Tarnasky (CON) for Fighting (Major) at 4:41

3rd period

2. Whale , Iiro Pakarinen 18 (Shane Prince) at 4:23
3. Whale , Jamie McBain 2 (Corey Tropp, Pierre-Edouard Bellemare) at 4:45 (PP)

Penalties :
Daniel Carcillo (POR) for Tripping (Minor) at 4:32

Goalie Stats

Brad Thiessen (CON), 18 saves from 18 shots - (1.000), W, 19-14-10, 60:00 minutes
Matt Hackett (POR), 28 saves from 31 shots - (0.903), L, 17-23-15, 60:00 minutes

Players Stats for Whale

Player Name              G  A  P  +/- PIM S  H  SB GA TA FO     MP     PP MP  PK MP  
------------------------------------------------------------------------------------
Alan Quine               0  0  0   0  0   4  3  0  5  1  2/4    15:40   0:00   3:08 
Brendan Ranford          0  0  0   0  0   1  1  0  0  1  0/0    13:20   0:11   1:23 
Brendan Woods            0  0  0   0  4   2  2  0  0  0  1/1    14:15   0:04   0:00 
Brennan Evans            0  0  0   0  0   3  2  0  1  2  0/0    15:56   0:00   0:00 
Brent Regner             0  0  0   0  0   2  2  0  1  1  0/0    20:40   1:44   2:23 
Colin Fraser             0  0  0   0  0   0  0  0  3  0  1/5    10:35   0:00   0:00 
Corey Tropp              0  1  1   0  5   4  2  0  3  0  1/1    15:51   1:32   0:22 
Dallas Jackson           0  0  0   1  0   1  2  0  0  3  0/0    19:40   0:48   1:46 
Darren Dietz             0  0  0   0  0   1  0  1  1  0  0/0    15:56   0:00   0:00 
David Musil              0  0  0   1  0   0  3  0  1  0  0/0    19:40   0:48   1:46 
Denny Urban              0  0  0   0  0   0  0  1  0  0  0/0     3:44   0:00   0:00 
Iiro Pakarinen           1  1  2   1  0   2  2  0  2  0  0/1    19:53   1:11   0:00 
Jamie McBain             2  0  2   0  0   7  0  2  2  2  0/0    24:24   1:44   2:23 
John McCarthy            0  1  1   1  0   1  0  0  1  3  0/0    18:12   1:00   0:00 
Matt Halischuk           0  0  0   0  0   0  1  0  0  1  0/1    15:51   1:21   0:00 
Nick Tarnasky            0  0  0   0  5   1  1  0  1  1  0/0     9:02   0:00   0:00 
Pierre-Edouard Bellemare 0  1  1   0  0   0  1  0  1  0  10/15  21:47   1:17   2:46 
Shane Prince             0  1  1   1  2   2  5  3  5  0  7/11   19:36   1:00   0:39 

Players Stats for Pirates

Player Name              G  A  P  +/- PIM S  H  SB GA TA FO     MP     PP MP  PK MP  
------------------------------------------------------------------------------------
Anthony Duclair          0  0  0  -1  0   3  2  0  0  1  1/5    21:39   2:29   0:22 
C.J. Ludwig              0  0  0  -1  0   0  0  1  1  2  0/0    14:49   0:00   0:40 
Daniel Carcillo          0  0  0  -1  4   1  2  0  1  0  2/10   20:08   1:40   0:11 
Danny Kristo             0  0  0   0  0   1  0  0  2  1  3/3    21:11   1:40   0:11 
FARM PLAYER11            0  0  0   0  0   0  0  0  0  0  1/3    14:21   0:00   1:24 
Henrik Samuelsson        0  0  0  -1  5   1  0  0  5  1  0/0    18:23   0:00   0:00 
Johan Sundstrom          0  0  0   0  0   0  3  0  0  0  4/5    19:13   2:29   1:59 
John Persson             0  0  0   0  0   0  1  0  0  1  0/0     3:42   0:00   0:00 
Keith Aulie              0  0  0  -1  9   3  4  1  5  0  0/0    22:56   2:29   1:41 
Kerby Rychel             0  0  0   0  0   4  3  0  1  0  4/6    18:19   2:29   0:00 
Martin Frk               0  0  0   0  0   3  0  0  2  0  0/2    12:43   0:00   0:00 
Matt Puempel             0  0  0   0  0   1  1  0  4  0  1/3    21:24   1:40   1:08 
Reid McNeill             0  0  0   0  0   0  1  2  0  0  0/0    19:21   2:30   0:00 
Ryan Potulny             0  0  0   0  0   0  0  0  0  0  1/2     4:55   0:00   0:00 
Sebastian Collberg       0  0  0   0  0   0  0  0  0  0  0/0     2:23   0:00   0:00 
Steve Spinell            0  0  0   0  0   0  1  2  0  3  0/0    25:52   1:39   1:41 
Tim Erixon               0  0  0   0  0   1  1  1  2  1  0/0     7:24   0:00   0:11 
Will O'Neill             0  0  0   0  0   0  3  2  0  3  0/0    26:54   1:39   0:40 

3 Stars

1 - Brad Thiessen (CON)
2 - Jamie McBain (CON)
3 - Iiro Pakarinen (CON)

Power Play

Whale - 2 on 4 Attempt(s) - 50.00%
Pirates - 0 on 3 Attempt(s) - 0.00%

Penalty Kill

Whale - 3 on 3 Attempt(s) - 100.00% - Score 0 goal in Penalty Kill
Pirates - 2 on 4 Attempt(s) - 50.00% - Score 0 goal in Penalty Kill

Team Stat

Whale - Hits : 27 - Faceoff Wins : 22 - Blocked Shots : 7 - Penalty Minutes : 16
Pirates - Hits : 22 - Faceoff Wins : 17 - Blocked Shots : 9 - Penalty Minutes : 18

Official

Referees : Unknown
Linesman : Unknown

Game Notes

Corey Tropp beats up Henrik Samuelsson at 8:15 of 1st period
Nick Tarnasky beats up Keith Aulie at 4:41 of 2nd period

Finance

Level 1 -- Attendance: 1483 (74.15%) -- Ticket Income $51,905
Level 2 -- Attendance: 782 (78.20%) -- Ticket Income $11,730
Total Attendance: 2265 (75.50%)
Total Ticket Income: $63,635
Other Income: $31,181
Total Income: $94,816

Whale

5 vs 5 Forward 
   Center                   Left Wing                Right Wing               Time % Phy DF OF 
 1 Pierre-Edouard Bellemare Matt Halischuk           Corey Tropp              35     1   2  2  
 2 Shane Prince             John McCarthy            Iiro Pakarinen           30     1   2  2  
 3 Alan Quine               Brendan Ranford          Pierre-Edouard Bellemare 22     1   2  2  
 4 Colin Fraser             Nick Tarnasky            Pierre-Edouard Bellemare 13     1   2  2  

5 vs 5 Defense 
   Defense                  Defense                                           Time % Phy DF OF 
 1 Jamie McBain             Brent Regner                                      35     1   2  2  
 2 David Musil              Dallas Jackson                                    30     1   2  2  
 3 Brennan Evans            Darren Dietz                                      22     1   2  2  
 4 Denny Urban              Jamie McBain                                      13     1   2  2  

PowerPlay Forward 
   Center                   Left Wing                Right Wing               Time % Phy DF OF 
 1 Pierre-Edouard Bellemare Matt Halischuk           Corey Tropp              60     1   2  2  
 2 Shane Prince             John McCarthy            Iiro Pakarinen           40     1   2  2  

PowerPlay Defense
   Defense                  Defense                                           Time % Phy DF OF 
 1 Jamie McBain             Brent Regner                                      60     1   2  2  
 2 David Musil              Dallas Jackson                                    40     1   2  2  

Penalty Kill 4 Players Forward 
   Center                   Wing                     Time % Phy DF OF 
 1 Pierre-Edouard Bellemare Alan Quine               60     1   2  2  
 2 Shane Prince             Corey Tropp              40     1   2  2  

Penalty Kill 4 Players Defense
   Defense                  Defense                  Time % Phy DF OF 
 1 Jamie McBain             Brent Regner             60     1   2  2  
 2 David Musil              Dallas Jackson           40     1   2  2  

Penalty Kill - 3 Players Forward 
   Forward                                           Time % Phy DF OF 
 1 Pierre-Edouard Bellemare                          60     1   2  2  
 2 Corey Tropp                                       40     1   2  2  

Penalty Kill - 3 Players Defense
   Defense                  Defense                  Time % Phy DF OF 
 1 Jamie McBain             Brent Regner             60     1   2  2  
 2 David Musil              Dallas Jackson           40     1   2  2  

4 vs 4 Forward 
   Center                   Wing                     Time % Phy DF OF 
 1 Pierre-Edouard Bellemare Iiro Pakarinen           60     1   2  2  
 2 Shane Prince             Corey Tropp              40     1   2  2  

4 vs 4 Defense
   Defense                  Defense                  Time % Phy DF OF 
 1 Jamie McBain             Brent Regner             60     1   2  2  
 2 David Musil              Dallas Jackson           40     1   2  2  

Last Minutes Offensive
   Center                   Left Wing                Right Wing               Defense                  Defense                  
   Pierre-Edouard Bellemare Matt Halischuk           Corey Tropp              Jamie McBain             Brent Regner             

Last Minutes Defensive
   Center                   Left Wing                Right Wing               Defense                  Defense                  
   Pierre-Edouard Bellemare Matt Halischuk           Corey Tropp              Jamie McBain             Brent Regner             

Goaltenders
Starting : Brad Thiessen            
Backup : Igor Bobkov              

Extra Forwards
Normal : Brendan Woods, Alan Quine, Brendan Ranford - PP : Brendan Woods, Alan Quine - PK : Brendan Ranford
Extra Defensemen
Normal : Brennan Evans, Darren Dietz, Denny Urban - PP : Brennan Evans - PK : Darren Dietz, Denny Urban
Penalty Shots
Pierre-Edouard Bellemare, Brendan Ranford, Shane Prince, Corey Tropp, Iiro Pakarinen

Pirates

5 vs 5 Forward 
   Center                   Left Wing                Right Wing               Time % Phy DF OF 
 1 Daniel Carcillo          Anthony Duclair          Henrik Samuelsson        35     1   2  2  
 2 Kerby Rychel             Matt Puempel             Danny Kristo             30     1   2  2  
 3 Johan Sundstrom          Danny Kristo             Matt Puempel             22     1   2  2  
 4 Danny Kristo             Daniel Carcillo          Martin Frk               13     1   2  2  

5 vs 5 Defense 
   Defense                  Defense                                           Time % Phy DF OF 
 1 Steve Spinell            Keith Aulie                                       35     1   2  2  
 2 Will O'Neill             Reid McNeill                                      30     1   2  2  
 3 Steve Spinell            Will O'Neill                                      22     1   2  2  
 4 C.J. Ludwig              Will O'Neill                                      13     1   2  2  

PowerPlay Forward 
   Center                   Left Wing                Right Wing               Time % Phy DF OF 
 1 Anthony Duclair          Johan Sundstrom          Kerby Rychel             60     1   2  2  
 2 Daniel Carcillo          Matt Puempel             Danny Kristo             40     1   2  2  

PowerPlay Defense
   Defense                  Defense                                           Time % Phy DF OF 
 1 Keith Aulie              Reid McNeill                                      60     1   2  2  
 2 Steve Spinell            Will O'Neill                                      40     1   2  2  

Penalty Kill 4 Players Forward 
   Center                   Wing                     Time % Phy DF OF 
 1 Matt Puempel             Johan Sundstrom          60     1   2  2  
 2 Daniel Carcillo          Danny Kristo             40     1   2  2  

Penalty Kill 4 Players Defense
   Defense                  Defense                  Time % Phy DF OF 
 1 Steve Spinell            Keith Aulie              60     1   2  2  
 2 Will O'Neill             C.J. Ludwig              40     1   2  2  

Penalty Kill - 3 Players Forward 
   Forward                                           Time % Phy DF OF 
 1 Matt Puempel                                      60     1   2  2  
 2 Danny Kristo                                      40     1   2  2  

Penalty Kill - 3 Players Defense
   Defense                  Defense                  Time % Phy DF OF 
 1 Will O'Neill             Keith Aulie              60     1   2  2  
 2 Reid McNeill             Steve Spinell            40     1   2  2  

4 vs 4 Forward 
   Center                   Wing                     Time % Phy DF OF 
 1 Johan Sundstrom          Matt Puempel             60     1   2  2  
 2 Daniel Carcillo          Danny Kristo             40     1   2  2  

4 vs 4 Defense
   Defense                  Defense                  Time % Phy DF OF 
 1 Keith Aulie              C.J. Ludwig              60     1   2  2  
 2 Steve Spinell            Will O'Neill             40     1   2  2  

Last Minutes Offensive
   Center                   Left Wing                Right Wing               Defense                  Defense                  
   Matt Puempel             Danny Kristo             Daniel Carcillo          Will O'Neill             Keith Aulie              

Last Minutes Defensive
   Center                   Left Wing                Right Wing               Defense                  Defense                  
   Matt Puempel             Danny Kristo             Daniel Carcillo          Will O'Neill             Keith Aulie              

Goaltenders
Starting : Matt Hackett             
Backup : FARM GOALIE10            

Extra Forwards
Normal : Matt Puempel, Danny Kristo, Johan Sundstrom - PP : Johan Sundstrom, Danny Kristo - PK : Johan Sundstrom
Extra Defensemen
Normal : Will O'Neill, Steve Spinell, Keith Aulie - PP : Will O'Neill - PK : Steve Spinell, Will O'Neill
Penalty Shots
Johan Sundstrom, Matt Puempel, Anthony Duclair, Danny Kristo, Daniel Carcillo

% Time on Ice - Whale

Lines # - Real PCT - Wanted PCT - Time Play
Normal Forward
1 - 27% - 35% - 13:55
2 - 34% - 30% - 17:28
3 - 19% - 22% - 9:41
4 - 20% - 13% - 10:27
Normal Defense
1 - 30% - 35% - 15:22
2 - 32% - 30% - 16:29
3 - 31% - 22% - 15:56
4 - 7% - 13% - 3:44
PP Forward
1 - 61% - 60% - 1:32
2 - 39% - 40% - 1:00
PP Defense
1 - 68% - 60% - 1:44
2 - 32% - 40% - 0:48
PK Forward
1 - 76% - 60% - 3:08
2 - 24% - 40% - 1:01
PK Defense
1 - 57% - 60% - 2:23
2 - 43% - 40% - 1:46
PK3 Forward
1 - 0% - 60%
2 - 0% - 40%
PK3 Defense
1 - 0% - 60%
2 - 0% - 40%
44 Forward
1 - 74% - 60% - 1:20
2 - 26% - 40% - 0:28
44 Defense
1 - 66% - 60% - 1:11
2 - 34% - 40% - 0:37
Last Minute Offensive  - 0:00
Last Minute Defensive  - 0:00
Total
Forward - 60:00
Defense - 60:00

% Time on Ice - Pirates

Lines # - Real PCT - Wanted PCT - Time Play
Normal Forward
1 - 36% - 35% - 18:44
2 - 24% - 30% - 12:10
3 - 22% - 22% - 11:10
4 - 18% - 13% - 9:27
Normal Defense
1 - 36% - 35% - 18:43
2 - 33% - 30% - 17:08
3 - 7% - 22% - 3:24
4 - 24% - 13% - 12:16
PP Forward
1 - 60% - 60% - 2:29
2 - 40% - 40% - 1:40
PP Defense
1 - 60% - 60% - 2:30
2 - 40% - 40% - 1:39
PK Forward
1 - 93% - 60% - 2:21
2 - 7% - 40% - 0:11
PK Defense
1 - 74% - 60% - 1:52
2 - 26% - 40% - 0:40
PK3 Forward
1 - 0% - 60%
2 - 0% - 40%
PK3 Defense
1 - 0% - 60%
2 - 0% - 40%
44 Forward
1 - 99% - 60% - 1:47
2 - 1% - 40% - 0:01
44 Defense
1 - 100% - 60% - 1:48
2 - 0% - 40% - 0:00
Last Minute Offensive  - 0:00
Last Minute Defensive  - 0:00
Total
Forward - 60:00
Defense - 60:00

Play by Play

1st period


0:01 of 1st period - Pierre-Edouard Bellemare wins face-off versus Daniel Carcillo in neutral zone.
0:25 of 1st period - Slapshot by Jamie McBain.
0:25 of 1st period - Shot Misses the Net.
0:31 of 1st period - Keith Aulie is hit by Brent Regner and loses puck.
0:50 of 1st period - Snap shot by Danny Kristo.
0:50 of 1st period - Shot Misses the Net.
0:58 of 1st period - Kerby Rychel is hit by Shane Prince and loses puck.
1:39 of 1st period - Snap shot by Daniel Carcillo.
1:39 of 1st period - Stopped by Brad Thiessen without a rebound.
1:40 of 1st period - Danny Kristo wins face-off versus Alan Quine in Whale zone.
1:55 of 1st period - Danny Kristo is hit by David Musil.
2:03 of 1st period - Pierre-Edouard Bellemare is hit by Johan Sundstrom and loses puck.
2:16 of 1st period - Slapshot by Keith Aulie.
2:16 of 1st period - Stopped by Brad Thiessen with a rebound.
2:18 of 1st period - Wrist shot by Keith Aulie.
2:18 of 1st period - Stopped by Brad Thiessen with a rebound.
2:30 of 1st period - Pierre-Edouard Bellemare is hit by Daniel Carcillo and loses puck.
3:14 of 1st period - Icing by Daniel Carcillo.
3:15 of 1st period - Shane Prince wins face-off versus Daniel Carcillo in Pirates zone.
3:26 of 1st period - Wrist shot by Iiro Pakarinen.
3:26 of 1st period - Deflect By Shane Prince.
3:26 of 1st period - Shot Blocked by Reid McNeill.
3:26 of 1st period - Puck is out of play.
3:27 of 1st period - Johan Sundstrom wins face-off versus Shane Prince in Pirates zone.
3:44 of 1st period - Slapshot by Johan Sundstrom.
3:44 of 1st period - Shot Misses the Net.
3:56 of 1st period - Keith Aulie is hit by Matt Halischuk and loses puck.
4:24 of 1st period - Icing by Pierre-Edouard Bellemare.
4:25 of 1st period - Kerby Rychel wins face-off versus Colin Fraser in Whale zone.
4:30 of 1st period - Slapshot by Matt Puempel.
4:30 of 1st period - Stopped by Brad Thiessen without a rebound.
4:31 of 1st period - Johan Sundstrom wins face-off versus Colin Fraser in Whale zone.
5:11 of 1st period - Wrist shot by John McCarthy.
5:11 of 1st period - Shot Misses the Net.
5:28 of 1st period - Steve Spinell is hit by Iiro Pakarinen and loses puck.
5:35 of 1st period - Dallas Jackson is hit by Johan Sundstrom and loses puck.
6:01 of 1st period - Slapshot by Corey Tropp.
6:01 of 1st period - Stopped by Matt Hackett with a rebound.
6:03 of 1st period - Snap shot by Brent Regner.
6:03 of 1st period - Shot Misses the Net.
6:05 of 1st period - Wrist shot by Brent Regner.
6:05 of 1st period - Shot Misses the Net.
6:07 of 1st period - Wrist shot by Brendan Woods.
6:07 of 1st period - Stopped by Matt Hackett with a rebound.
6:37 of 1st period - Slapshot by Jamie McBain.
6:37 of 1st period - Stopped by Matt Hackett with a rebound.
6:39 of 1st period - Snap shot by Alan Quine.
6:39 of 1st period - Stopped by Matt Hackett with a rebound.
6:43 of 1st period - Snap shot by Alan Quine.
6:43 of 1st period - Stopped by Matt Hackett with a rebound.
6:45 of 1st period - Snap shot by Brennan Evans.
6:45 of 1st period - Stopped by Matt Hackett with a rebound.
6:51 of 1st period - Minor Penalty to Keith Aulie for Cross-checking.
6:52 of 1st period - Shane Prince wins face-off versus FARM PLAYER11 in Pirates zone.
6:53 of 1st period - Snap shot by Iiro Pakarinen.
6:53 of 1st period - Shot Blocked by C.J. Ludwig.
7:00 of 1st period - Snap shot by Jamie McBain.
7:00 of 1st period - Goal by Jamie McBain - Whale : 1 - Pirates : 0.
7:01 of 1st period - Shane Prince wins face-off versus Daniel Carcillo in neutral zone.
7:05 of 1st period - Icing by Henrik Samuelsson.
7:06 of 1st period - Shane Prince wins face-off versus Daniel Carcillo in Pirates zone.
7:15 of 1st period - Wrist shot by Anthony Duclair.
7:15 of 1st period - Stopped by Brad Thiessen without a rebound.
7:16 of 1st period - Daniel Carcillo wins face-off versus Shane Prince in Whale zone.
8:15 of 1st period - Corey Tropp beats up Henrik Samuelsson.
8:15 of 1st period - Penalty to Henrik Samuelsson for Fighting.
8:15 of 1st period - Penalty to Corey Tropp for Fighting.
8:16 of 1st period - Pierre-Edouard Bellemare wins face-off versus Anthony Duclair in Pirates zone.
8:37 of 1st period - Minor Penalty to Brendan Woods for Tripping.
8:38 of 1st period - Anthony Duclair wins face-off versus Pierre-Edouard Bellemare in Whale zone.
8:44 of 1st period - Wrist shot by Anthony Duclair.
8:44 of 1st period - Shot Misses the Net.
8:46 of 1st period - Snap shot by Kerby Rychel.
8:46 of 1st period - Stopped by Brad Thiessen with a rebound.
8:48 of 1st period - Slapshot by Kerby Rychel.
8:48 of 1st period - Stopped by Brad Thiessen with a rebound.
8:50 of 1st period - Wrist shot by Anthony Duclair.
8:50 of 1st period - Stopped by Brad Thiessen with a rebound.
9:43 of 1st period - Pierre-Edouard Bellemare is hit by Johan Sundstrom and loses puck.
9:52 of 1st period - Snap shot by Kerby Rychel.
9:52 of 1st period - Stopped by Brad Thiessen without a rebound.
9:53 of 1st period - Pierre-Edouard Bellemare wins face-off versus Anthony Duclair in Whale zone.
10:08 of 1st period - Slapshot by Danny Kristo.
10:08 of 1st period - Shot Blocked by Shane Prince.
10:24 of 1st period - Will O'Neill is hit by Shane Prince and loses puck.
10:37 of 1st period - Penalty to Brendan Woods is over, Brendan Woods is back on ice.
11:19 of 1st period - Minor Penalty to Brendan Woods for Hooking.
11:20 of 1st period - Pierre-Edouard Bellemare wins face-off versus Anthony Duclair in Whale zone.
11:20 of 1st period - Pierre-Edouard Bellemare is hit by Reid McNeill.
11:30 of 1st period - Minor Penalty to Keith Aulie for Interference.
11:31 of 1st period - Pierre-Edouard Bellemare wins face-off versus Johan Sundstrom in Pirates zone.
12:58 of 1st period - Backhand shot by Shane Prince.
12:58 of 1st period - Shot Misses the Net.
13:15 of 1st period - Penalty to Henrik Samuelsson is over, Henrik Samuelsson is back on ice.
13:15 of 1st period - Penalty to Corey Tropp is over, Corey Tropp is back on ice.
13:30 of 1st period - Penalty to Keith Aulie is over, Keith Aulie is back on ice.
13:44 of 1st period - Nick Tarnasky is hit by Anthony Duclair and loses puck.
15:12 of 1st period - Snap shot by Brendan Ranford.
15:12 of 1st period - Stopped by Matt Hackett with a rebound.
15:14 of 1st period - Slapshot by Alan Quine.
15:14 of 1st period - Stopped by Matt Hackett with a rebound.
15:16 of 1st period - Snap shot by Alan Quine.
15:16 of 1st period - Stopped by Matt Hackett with a rebound.
15:31 of 1st period - Steve Spinell is hit by David Musil and loses puck.
15:51 of 1st period - Snap shot by Anthony Duclair.
15:51 of 1st period - Stopped by Brad Thiessen with a rebound.
16:13 of 1st period - Keith Aulie is hit by Brendan Woods and loses puck.
16:18 of 1st period - Snap shot by Colin Fraser.
16:18 of 1st period - Shot Misses the Net.
16:20 of 1st period - Slapshot by Darren Dietz.
16:20 of 1st period - Stopped by Matt Hackett with a rebound.
16:22 of 1st period - Slapshot by Brennan Evans.
16:22 of 1st period - Stopped by Matt Hackett without a rebound.
16:23 of 1st period - Colin Fraser wins face-off versus Daniel Carcillo in Pirates zone.
16:24 of 1st period - Snap shot by Nick Tarnasky.
16:24 of 1st period - Shot Misses the Net.
16:40 of 1st period - Henrik Samuelsson is hit by Brendan Woods and loses puck.
17:11 of 1st period - Steve Spinell is hit by Iiro Pakarinen and loses puck.
17:34 of 1st period - Snap shot by Henrik Samuelsson.
17:34 of 1st period - Stopped by Brad Thiessen without a rebound.
17:35 of 1st period - FARM PLAYER11 wins face-off versus Pierre-Edouard Bellemare in Whale zone.
18:04 of 1st period - Icing by David Musil.
18:05 of 1st period - Shane Prince wins face-off versus Martin Frk in Whale zone.
18:14 of 1st period - Minor Penalty to Daniel Carcillo for Hooking.
18:15 of 1st period - Matt Puempel wins face-off versus Matt Halischuk in Pirates zone.
18:30 of 1st period - Wrist shot by Corey Tropp.
18:30 of 1st period - Stopped by Matt Hackett with a rebound.
18:32 of 1st period - Slapshot by Brent Regner.
18:32 of 1st period - Stopped by Matt Hackett without a rebound.
18:33 of 1st period - Pierre-Edouard Bellemare wins face-off versus FARM PLAYER11 in Pirates zone.
19:07 of 1st period - Slapshot by Jamie McBain.
19:07 of 1st period - Stopped by Matt Hackett with a rebound.
19:21 of 1st period - Jamie McBain is hit by Steve Spinell and loses puck.
Goals for this period are 1 for Whale vs 0 for Pirates.
Shots for this period are 15 for Whale vs 11 for Pirates.

2nd period


0:01 of 2nd period - Corey Tropp wins face-off versus Matt Puempel in neutral zone.
0:06 of 2nd period - Slapshot by Jamie McBain.
0:06 of 2nd period - Shot Misses the Net.
0:08 of 2nd period - Snap shot by Jamie McBain.
0:08 of 2nd period - Shot Misses the Net.
0:14 of 2nd period - Penalty to Daniel Carcillo is over, Daniel Carcillo is back on ice.
0:57 of 2nd period - Will O'Neill is hit by Brent Regner.
1:12 of 2nd period - Minor Penalty to Shane Prince for Holding.
1:13 of 2nd period - Pierre-Edouard Bellemare wins face-off versus Anthony Duclair in Whale zone.
1:50 of 2nd period - Danny Kristo is hit by Pierre-Edouard Bellemare and loses puck.
2:20 of 2nd period - Jamie McBain is hit by Keith Aulie.
3:07 of 2nd period - Will O'Neill is hit by Alan Quine and loses puck.
3:12 of 2nd period - Penalty to Shane Prince is over, Shane Prince is back on ice.
3:20 of 2nd period - Will O'Neill is hit by Shane Prince and loses puck.
4:12 of 2nd period - Snap shot by Brendan Woods.
4:12 of 2nd period - Shot Misses the Net.
4:28 of 2nd period - Snap shot by Brendan Woods.
4:28 of 2nd period - Stopped by Matt Hackett with a rebound.
4:41 of 2nd period - Nick Tarnasky beats up Keith Aulie.
4:41 of 2nd period - Penalty to Keith Aulie for Fighting.
4:41 of 2nd period - Penalty to Nick Tarnasky for Fighting.
4:42 of 2nd period - Daniel Carcillo wins face-off versus Iiro Pakarinen in Whale zone.
5:28 of 2nd period - Wrist shot by Corey Tropp.
5:28 of 2nd period - Shot Misses the Net.
5:30 of 2nd period - Snap shot by Pierre-Edouard Bellemare.
5:30 of 2nd period - Shot Misses the Net.
5:44 of 2nd period - Pierre-Edouard Bellemare is hit by Kerby Rychel and loses puck.
7:02 of 2nd period - Alan Quine is hit by Will O'Neill and loses puck.
7:20 of 2nd period - Icing by Will O'Neill.
7:21 of 2nd period - Johan Sundstrom wins face-off versus Colin Fraser in Pirates zone.
7:26 of 2nd period - Pierre-Edouard Bellemare is hit by Will O'Neill and loses puck.
7:54 of 2nd period - Off-side.
7:55 of 2nd period - Danny Kristo wins face-off versus Shane Prince in neutral zone.
8:37 of 2nd period - Wrist shot by Jamie McBain.
8:37 of 2nd period - Stopped by Matt Hackett with a rebound.
8:39 of 2nd period - Slapshot by Jamie McBain.
8:39 of 2nd period - Shot Misses the Net.
9:27 of 2nd period - Snap shot by Corey Tropp.
9:27 of 2nd period - Shot Misses the Net.
9:29 of 2nd period - Slapshot by Brennan Evans.
9:29 of 2nd period - Stopped by Matt Hackett with a rebound.
9:57 of 2nd period - Snap shot by Iiro Pakarinen.
9:57 of 2nd period - Stopped by Matt Hackett with a rebound.
10:34 of 2nd period - Slapshot by Jamie McBain.
10:34 of 2nd period - Shot Blocked by Keith Aulie.
10:36 of 2nd period - Snap shot by Pierre-Edouard Bellemare.
10:36 of 2nd period - Shot Misses the Net.
10:38 of 2nd period - Slapshot by Nick Tarnasky.
10:38 of 2nd period - Stopped by Matt Hackett with a rebound.
11:52 of 2nd period - John Persson is hit by Nick Tarnasky and loses puck.
13:09 of 2nd period - Slapshot by C.J. Ludwig.
13:09 of 2nd period - Shot Blocked by Denny Urban.
13:33 of 2nd period - Snap shot by Corey Tropp.
13:33 of 2nd period - Stopped by Matt Hackett with a rebound.
14:17 of 2nd period - Slapshot by Jamie McBain.
14:17 of 2nd period - Stopped by Matt Hackett with a rebound.
14:25 of 2nd period - Slapshot by Jamie McBain.
14:25 of 2nd period - Shot Blocked by Reid McNeill.
15:14 of 2nd period - Snap shot by Keith Aulie.
15:14 of 2nd period - Shot Blocked by Shane Prince.
15:53 of 2nd period - Iiro Pakarinen is hit by Anthony Duclair and loses puck.
16:15 of 2nd period - Off-side.
16:16 of 2nd period - Kerby Rychel wins face-off versus Colin Fraser in neutral zone.
16:42 of 2nd period - Corey Tropp is hit by John Persson and loses puck.
17:19 of 2nd period - Snap shot by Keith Aulie.
17:19 of 2nd period - Stopped by Brad Thiessen with a rebound.
17:21 of 2nd period - Wrist shot by Danny Kristo.
17:21 of 2nd period - Shot Blocked by Jamie McBain.
17:23 of 2nd period - Snap shot by Danny Kristo.
17:23 of 2nd period - Stopped by Brad Thiessen with a rebound.
17:47 of 2nd period - Keith Aulie is hit by Brennan Evans and loses puck.
18:33 of 2nd period - Slapshot by Tim Erixon.
18:33 of 2nd period - Stopped by Brad Thiessen with a rebound.
19:24 of 2nd period - Will O'Neill is hit by Corey Tropp and loses puck.
19:35 of 2nd period - Nick Tarnasky is hit by Will O'Neill and loses puck.
Goals for this period are 0 for Whale vs 0 for Pirates.
Shots for this period are 7 for Whale vs 3 for Pirates.

3rd period


0:01 of 3rd period - Kerby Rychel wins face-off versus Pierre-Edouard Bellemare in neutral zone.
0:04 of 3rd period - Slapshot by Danny Kristo.
0:04 of 3rd period - Deflect By Kerby Rychel.
0:04 of 3rd period - Shot Blocked by Jamie McBain.
0:04 of 3rd period - Puck is out of play.
0:05 of 3rd period - Kerby Rychel wins face-off versus Pierre-Edouard Bellemare in Whale zone.
0:14 of 3rd period - Brent Regner is hit by Kerby Rychel and loses puck.
0:23 of 3rd period - Snap shot by Jamie McBain.
0:23 of 3rd period - Shot Blocked by Will O'Neill.
0:25 of 3rd period - Wrist shot by Corey Tropp.
0:25 of 3rd period - Shot Misses the Net.
0:27 of 3rd period - Slapshot by Brent Regner.
0:27 of 3rd period - Shot Blocked by Steve Spinell.
1:02 of 3rd period - Snap shot by Shane Prince.
1:02 of 3rd period - Shot Misses the Net.
1:04 of 3rd period - Slapshot by Dallas Jackson.
1:04 of 3rd period - Stopped by Matt Hackett with a rebound.
1:06 of 3rd period - Wrist shot by John McCarthy.
1:06 of 3rd period - Stopped by Matt Hackett with a rebound.
1:52 of 3rd period - Anthony Duclair is hit by Alan Quine and loses puck.
2:51 of 3rd period - Corey Tropp is hit by Keith Aulie and loses puck.
3:16 of 3rd period - Snap shot by Alan Quine.
3:16 of 3rd period - Deflect By Keith Aulie.
3:16 of 3rd period - Shot Misses the Net.
3:16 of 3rd period - Puck is out of play.
3:17 of 3rd period - Johan Sundstrom wins face-off versus Alan Quine in Pirates zone.
3:44 of 3rd period - Johan Sundstrom is hit by Alan Quine.
3:58 of 3rd period - Alan Quine is hit by Keith Aulie and loses puck.
4:23 of 3rd period - Snap shot by Iiro Pakarinen.
4:23 of 3rd period - Goal by Iiro Pakarinen - Whale : 2 - Pirates : 0.
4:24 of 3rd period - Shane Prince wins face-off versus Daniel Carcillo in neutral zone.
4:32 of 3rd period - Minor Penalty to Daniel Carcillo for Tripping.
4:33 of 3rd period - Pierre-Edouard Bellemare wins face-off versus Matt Puempel in Pirates zone.
4:33 of 3rd period - Slapshot by Jamie McBain.
4:33 of 3rd period - Shot Misses the Net.
4:43 of 3rd period - Snap shot by Jamie McBain.
4:43 of 3rd period - Shot Misses the Net.
4:45 of 3rd period - Snap shot by Jamie McBain.
4:45 of 3rd period - Deflect By Will O'Neill.
4:45 of 3rd period - Goal by Jamie McBain - Whale : 3 - Pirates : 0.
4:46 of 3rd period - Shane Prince wins face-off versus Daniel Carcillo in neutral zone.
5:11 of 3rd period - Snap shot by Shane Prince.
5:11 of 3rd period - Stopped by Matt Hackett with a rebound.
5:13 of 3rd period - Wrist shot by Brent Regner.
5:13 of 3rd period - Deflect By Anthony Duclair.
5:13 of 3rd period - Stopped by Matt Hackett with a rebound.
5:15 of 3rd period - Snap shot by Shane Prince.
5:15 of 3rd period - Stopped by Matt Hackett without a rebound.
5:16 of 3rd period - Pierre-Edouard Bellemare wins face-off versus Kerby Rychel in Pirates zone.
5:32 of 3rd period - Slapshot by Pierre-Edouard Bellemare.
5:32 of 3rd period - Shot Misses the Net.
5:34 of 3rd period - Slapshot by David Musil.
5:34 of 3rd period - Shot Blocked by Steve Spinell.
5:36 of 3rd period - Snap shot by Corey Tropp.
5:36 of 3rd period - Stopped by Matt Hackett with a rebound.
6:18 of 3rd period - Kerby Rychel is hit by Shane Prince and loses puck.
6:55 of 3rd period - Slapshot by Jamie McBain.
6:55 of 3rd period - Shot Misses the Net.
6:57 of 3rd period - Snap shot by Alan Quine.
6:57 of 3rd period - Shot Blocked by Will O'Neill.
7:59 of 3rd period - Slapshot by Martin Frk.
7:59 of 3rd period - Stopped by Brad Thiessen with a rebound.
8:01 of 3rd period - Slapshot by Johan Sundstrom.
8:01 of 3rd period - Shot Blocked by Shane Prince.
8:03 of 3rd period - Slapshot by Keith Aulie.
8:03 of 3rd period - Deflect By Martin Frk.
8:03 of 3rd period - Shot Misses the Net.
8:03 of 3rd period - Puck is out of play.
8:04 of 3rd period - Danny Kristo wins face-off versus Pierre-Edouard Bellemare in Whale zone.
8:43 of 3rd period - Slapshot by Jamie McBain.
8:43 of 3rd period - Deflect By Brendan Ranford.
8:43 of 3rd period - Shot Misses the Net.
8:43 of 3rd period - Puck is out of play.
8:44 of 3rd period - Alan Quine wins face-off versus Daniel Carcillo in Pirates zone.
8:51 of 3rd period - Snap shot by Jamie McBain.
8:51 of 3rd period - Deflect By Anthony Duclair.
8:51 of 3rd period - Stopped by Matt Hackett with a rebound.
11:03 of 3rd period - Wrist shot by Brendan Woods.
11:03 of 3rd period - Shot Blocked by Tim Erixon.
11:20 of 3rd period - Icing by Brennan Evans.
11:21 of 3rd period - Brendan Woods wins face-off versus Kerby Rychel in Whale zone.
11:21 of 3rd period - Brendan Woods is hit by Kerby Rychel.
11:53 of 3rd period - Snap shot by Brendan Ranford.
11:53 of 3rd period - Shot Misses the Net.
13:12 of 3rd period - Slapshot by Kerby Rychel.
13:12 of 3rd period - Stopped by Brad Thiessen without a rebound.
13:13 of 3rd period - Ryan Potulny wins face-off versus Shane Prince in Whale zone.
14:08 of 3rd period - Henrik Samuelsson is hit by Shane Prince and loses puck.
14:33 of 3rd period - Snap shot by Kerby Rychel.
14:33 of 3rd period - Shot Blocked by Darren Dietz.
14:35 of 3rd period - Snap shot by Martin Frk.
14:35 of 3rd period - Stopped by Brad Thiessen without a rebound.
14:36 of 3rd period - Pierre-Edouard Bellemare wins face-off versus Martin Frk in Whale zone.
14:43 of 3rd period - C.J. Ludwig is hit by Corey Tropp and loses puck.
15:54 of 3rd period - Brendan Ranford is hit by Daniel Carcillo and loses puck.
16:21 of 3rd period - Corey Tropp is hit by Tim Erixon and loses puck.
16:40 of 3rd period - Ryan Potulny is hit by Brennan Evans and loses puck.
16:53 of 3rd period - John McCarthy is hit by Matt Puempel and loses puck.
17:22 of 3rd period - Wrist shot by Martin Frk.
17:22 of 3rd period - Stopped by Brad Thiessen with a rebound.
17:24 of 3rd period - Snap shot by Martin Frk.
17:24 of 3rd period - Deflect By Dallas Jackson.
17:24 of 3rd period - Shot Misses the Net.
17:24 of 3rd period - Puck is out of play.
17:25 of 3rd period - Alan Quine wins face-off versus Ryan Potulny in Whale zone.
17:25 of 3rd period - Alan Quine is hit by Keith Aulie.
17:31 of 3rd period - Keith Aulie is hit by Dallas Jackson.
18:00 of 3rd period - Henrik Samuelsson is hit by David Musil and loses puck.
18:09 of 3rd period - Reid McNeill is hit by Dallas Jackson and loses puck.
19:52 of 3rd period - Martin Frk is hit by Brendan Ranford and loses puck.
Goals for this period are 2 for Whale vs 0 for Pirates.
Shots for this period are 9 for Whale vs 4 for Pirates.